 Dungeon Crawl Stone Soup version 0.28.0-43-g3370ac3207 (webtiles) character file.

Game seed: 11526210943254993610

1540 Peloso the Covered (level 8, -1/71 HPs)
             Began as a Minotaur Fighter on Mar 29, 2022.
             Killed from afar by an acid dragon (18 damage)
             ... with a splash of acid
             ... on level 5 of the Dungeon.
             The game lasted 00:09:16 (6475 turns).

Peloso the Covered (Minotaur Fighter)               Turns: 6475, Time: 00:09:17

Health: -1/71      AC: 12    Str: 21    XL:     8   Next: 56%
Magic:  7/7        EV:  7    Int:  5    God:
Gold:   213        SH:  5    Dex: 12    Spells: 7/7 levels left

rFire   + . .      SeeInvis .   a - +0 long sword
rCold   + . .      Faith    .   c - +0 buckler
rNeg    . . .      Spirit   .   d - +0 plate armour
rPois   .          Reflect  .   (helmet restricted)
rElec   .          Harm     .   f - scarf {rC+ rF+}
rCorr   .          Rampage  .   t - +0 pair of gloves
Will    .....                   k - +0 pair of boots
Stlth   ..........              (no amulet)
HPRegen 0.21/turn               (no ring)
MPRegen 0.10/turn               (no ring)

@: corroded
A: horns 2, retaliatory headbutt
a: no special abilities


You were on level 5 of the Dungeon.
You visited 1 branch of the dungeon, and saw 5 of its levels.

You collected 213 gold pieces.

Inventory:

Hand Weapons
 a - a +0 long sword (weapon)
Armour
 b - a +1 scale mail
 c - a +0 buckler (worn)
 d - a +0 plate armour (worn)
 f - a scarf of resistance (worn)
 k - a +0 pair of boots (worn)
 t - a +0 pair of gloves (worn)
Scrolls
 m - a scroll of immolation {unknown}
 n - a scroll of teleportation
 o - a scroll of enchant weapon {unknown}
 p - a scroll of summoning {unknown}
 s - a scroll of vulnerability {unknown}
 u - a scroll of fear {unknown}
Potions
 e - a potion of magic
 g - a potion of curing
 h - a potion of invisibility {unknown}
 j - a potion of flight {unknown}
 l - a potion of brilliance {unknown}
 q - a potion of attraction {unknown}
 r - 2 potions of haste {unknown}


   Skills:
 + Level 6.8 Fighting
 + Level 7.8 Long Blades
 + Level 7.8 Armour
 + Level 2.3 Dodging
 + Level 0.2 Stealth
 + Level 5.7 Shields


You had 7 spell levels left.
You didn't know any spells.
Your spell library contained the following spells:

 Spells                   Type           Power      Damage    Failure   Level
 Slow                     Hex            0%         N/A       100%        1


Dungeon Overview and Level Annotations

Branches:
Dungeon (5/15)
 Temple: D:4-7

Altars:
Yredelemnul

Annotations:
D:3 2 transporters, Tali's ghost, amateur DsBe


Innate Abilities, Weirdness & Mutations

You have a pair of horns on your head.
You reflexively headbutt those who attack you in melee.


Message History

The bullfrog skeleton hits you. x2
You hit the bullfrog skeleton.
The bullfrog skeleton is almost destroyed.
The bullfrog skeleton hits you.
You hit the bullfrog skeleton.
You destroy the bullfrog skeleton!
There is an open door here.
A hound comes into view.
The hound bites you but does no damage.
You slash the hound!
The hound is heavily wounded.
You block the hound's attack.
The acid dragon roars!
You hit the hound but do no damage. You headbutt the hound!
You kill the hound!
The acid dragon spits acid at you. The splash of acid hits you!!
There is an open door, spattered with blood here.
You see here a +0 giant spiked club.
The acid dragon spits acid at you. The splash of acid hits you!
The acid corrodes you!
You hit the acid dragon.
You headbutt the acid dragon, but do no damage.
The acid dragon is lightly wounded.
The acid dragon bites you but does no damage.
The acid dragon barely misses you.
You closely miss the acid dragon.
The acid dragon is lightly wounded.
The acid dragon bites you. You block the acid dragon's attack.
You barely miss the acid dragon. Your headbutt misses the acid dragon.
The acid dragon is lightly wounded.
The acid dragon spits acid at you. The splash of acid hits you!!
* * * LOW HITPOINT WARNING * * *
You barely miss the acid dragon.
You headbutt the acid dragon, but do no damage.
The acid dragon is lightly wounded.
The acid dragon spits acid at you. The splash of acid hits you!!
You die...

...#.......##..# ##..#######..#.
.#.........)...# #....##..##..#.
.#.........##.#####....'....#....
.#.........##.##..##).##....#....
.#....#.#####.#....'#+###..######
...........##.#....## ##'#..###
........##.##.##..## ##†..)##
..............##D## #....##
....#...##.####.@## ##..###
.............#....# ##'##..
##..##..##.#.'....## ##..##.#
##..##..##.#.##..#'# ##....#..
......#.##.#.#####..# #D....#..
...####.##.#.##.#....##.g##..##..
...####.##.....<#....'... #####..
.............##.##..##... #..
.#.####>###.....#######..# #..


You could see an acid dragon (catching breath).

Vanquished Creatures
  2 water moccasins (D:5)
  An orc warrior (D:4)
  An ice beast (D:5)
  A black bear (D:5)
  4 ogres (D:5)
  A centaur (D:5)
  A phantom (D:4)
  A scorpion (D:5)
  A centaur zombie (D:5)
  A bullfrog zombie (D:5)
  An orc priest (D:5)
  A hound (D:5)
  A bullfrog skeleton (D:5)
  An iguana (D:5)
  An orc wizard (D:5)
  A hound zombie (D:5)
  A hound skeleton (D:5)
  A howler monkey skeleton (D:5)
  6 gnolls
  8 adders
  An adder skeleton (D:4)
  4 worms
  3 dart slugs
  19 orcs
  11 ball pythons
  3 bats
  4 endoplasms
  6 giant cockroaches
  6 goblins
  7 hobgoblins
  9 jackals
  8 kobolds
  6 quokkas
  5 frilled lizards
  7 rats
135 creatures vanquished.

Notes
Turn   | Place    | Note
-------+----------+-------------------------------------------
     0 | D:1      | Peloso the Minotaur Fighter began the quest for the Orb.
     0 | D:1      | Reached XP level 1. HP: 19/19 MP: 0/0
   263 | D:1      | Reached XP level 2. HP: 27/27 MP: 1/1
   518 | D:1      | Found a faded altar of an unknown god.
   522 | D:1      | Got Plato's Tome of Beguiling
   873 | D:2      | Reached XP level 3. HP: 31/33 MP: 2/2
  1872 | D:2      | Reached XP level 4. HP: 40/40 MP: 3/3
  2599 | D:3      | Reached XP level 5. HP: 43/47 MP: 4/4
  2723 | D:3      | Reached skill level 5 in Armour
  2852 | D:3      | Noticed Tali's ghost (amateur DsBe)
  3066 | D:3      | Noticed an ogre
  3066 | D:3      | Identified the +7 great mace "Suzimikh" {venom, Will+ rCorr
                  | Dex-5}
  3066 | D:3      | Noticed an ogre
  3067 | D:3      | Found a transporter.
  3071 | D:3      | Found a transporter.
  3162 | D:4      | Noticed a phantom
  3175 | D:4      | Killed a phantom
  3275 | D:4      | Found a basalt altar of Yredelemnul.
  3299 | D:4      | Reached skill level 1 in Dodging
  3307 | D:4      | Reached XP level 6. HP: 48/53 MP: 5/5
  3991 | D:5      | Entered Level 5 of the Dungeon
  4020 | D:5      | Noticed an orc warrior
  4154 | D:4      | Killed an orc warrior
  4155 | D:4      | Reached skill level 5 in Long Blades
  4155 | D:4      | Reached skill level 5 in Shields
  4684 | D:5      | Reached XP level 7. HP: 37/60 MP: 6/6
  4853 | D:5      | Reached skill level 5 in Fighting
  5723 | D:5      | Reached XP level 8. HP: 70/70 MP: 7/7
  6475 | D:5      | Killed from afar by an acid dragon

Illustrated notes

Levels and vault maps discovered:
D:1:      ncdulo_watergridlock, layout_basic,
          shapermc_ecumenical_altar_rom_forum
D:2:      minmay_diamond_boxcup, layout_loops_corners,
          hangedman_decor_clover_reticule
D:3:      layout_rooms, gammafunk_ghost_smash, hangedman_decor_points
D:4:      layout_basic, lemuel_crystal_altar
D:5:      minmay_bubble_buster, layout_basic, guppyfry_early_orc_mine

Skill      XL: |  1  2  3  4  5  6  7  8 |
---------------+-------------------------+-----
Armour         | 4 5 6 7 |  7.8
Shields        | 4 5 |  5.7
Fighting       | 4 5 6 |  6.8
Long Blades    | 3 4 5 6 7 |  7.8
Dodging        | 1 2 |  2.3
Stealth        | |  0.2

Action                   |  1- 3 |  4- 6 |  7- 9 || total
-------------------------+-------+-------+-------++-------
Melee: Long sword        |    88 |   170 |   106 ||   364
       Headbutt          |    14 |    32 |    21 ||    67
  Use: Scroll            |     2 |     3 |     3 ||     8
       Potion            |       |     1 |       ||     1
Armor: Scale mail        |    26 |       |       ||    26
       Chain mail        |    20 |   108 |       ||   128
       Plate armour      |       |    14 |    66 ||    80
Dodge: Dodged            |    41 |    65 |    32 ||   138
Block: Buckler           |    21 |    43 |    28 ||    92
